 Dungeon Crawl Stone Soup version 0.26.1-2-gb8aa6d0cf2 (webtiles) character file.

Game seed: 11838186670037437412

177 Gadfly the Skirmisher (level 5, 0/81 HPs)
             Began as an Ogre Monk on Feb 13, 2021.
             Slain by an adder (1 damage)
             ... on level 3 of the Dungeon.
             The game lasted 00:06:04 (4203 turns).

Gadfly the Skirmisher (Ogre Monk)                   Turns: 4203, Time: 00:06:04

Health: 0/81       AC:  3    Str: 16    XL:     5   Next: 57%
Magic:  6/6        EV: 10    Int: 11    God:
Gold:   86         SH:  0    Dex: 11    Spells: 4/4 levels left

rFire    . . .     SeeInvis .   a - +0 mace
rCold    . . .     Faith    .   (no shield)
rNeg     . . .     Spirit   .   c - +0 robe
rPois    .         Reflect  .   (helmet restricted)
rElec    .         Harm     .   (no cloak)
rCorr    .         Rampage  .   (gloves unavailable)
Will     .....                  (boots unavailable)
Stlth    ..........             (no amulet)
HPRegen  0.23/turn              k - ring of stealth
MPRegen  0.10/turn              (no ring)

@: berserking, lethally poisoned (0 -> -1), very quick
A: large, unfitting armour, tough skin 1
a: no special abilities


You were on level 3 of the Dungeon.
You visited 1 branch of the dungeon, and saw 4 of its levels.

You collected 86 gold pieces.

Inventory:

Hand Weapons
 a - a +0 mace (weapon)
 b - a +1 short sword of draining
Missiles
 d - 128 stones (quivered)
 i - 11 javelins
Armour
 c - a +0 robe (worn)
Jewellery
 k - a ring of stealth (left hand)
Wands
 o - a wand of iceblast (10)
Scrolls
 g - a scroll of remove curse
 h - 3 scrolls of teleportation
Potions
 f - a potion of attraction
 m - a potion of haste


   Skills:
 - Level 4.0 Fighting
 + Level 3.9 Maces & Flails
 * Level 2.1 Throwing
 * Level 1.3 Armour
 - Level 2.6 Dodging
 - Level 1.4 Stealth
 * Level 1.7 Invocations
 * Level 1.3 Evocations


You had 4 spell levels left.
You didn't know any spells.
Your spell library was empty.

Dungeon Overview and Level Annotations

Branches:
Dungeon (4/15)
 Temple: D:4-7

Altars:
Nemelex Xobeh
Yredelemnul
Zin
The Shining One


Innate Abilities, Weirdness & Mutations

You are too large for most types of armour.
You have tough skin. (AC +1)


Message History

The adder barely misses you.
You feel better. The adder bites you.
* * * LOW HITPOINT WARNING * * *
You are poisoned.
The adder poisons you! The orc closely misses you.
You feel sick.
Okay, then.
It was a potion of berserk rage.
A red film seems to cover your vision as you go berserk!
You feel yourself moving faster!
You feel mighty! The adder bites you but does no damage.
The adder closely misses you.
You closely miss the adder.
The adder is severely wounded.
You feel sick. The orc barely misses you. The adder barely misses you.
You miss the adder.
The adder is severely wounded.
The orc hits you with a +0 war axe!
* * * LOW HITPOINT WARNING * * *
The adder bites you.
You die...

##.###########.....##
...................#
.#..#########.#...)#
.##...#####...######
.####...#...###
.###...)..###
.##..##.#############
....###.#.....#.....##
.#### #.........@S...##
.######.........o>....#
..##....^.........<...#
#)...##...............#
..#####.).............#
#..# #...............#
##.## ##.............##
#..#####.....#.....##
##.....##.......####


You could see an adder and an orc.

Vanquished Creatures
  A bullfrog skeleton (D:4)
  Ijyb (D:3)
  6 adders
  2 worms
  2 dart slugs
  A leopard gecko (D:1)
  2 orcs (D:3)
  4 giant cockroaches
  8 goblins
  3 hobgoblins
  4 jackals (D:1)
  5 bats
  A frilled lizard (D:1)
  13 kobolds
  6 rats
59 creatures vanquished.

Notes
Turn   | Place    | Note
-------+----------+-------------------------------------------
     0 | D:1      | Gadfly the Ogre Monk began the quest for the Orb.
     0 | D:1      | Reached XP level 1. HP: 24/24 MP: 1/1
   226 | D:1      | Reached XP level 2. HP: 26/32 MP: 2/2
  1008 | D:1      | Reached XP level 3. HP: 16/39 MP: 3/3
  1252 | D:1      | Reached skill level 1 in Throwing
  1461 | D:2      | Reached skill level 1 in Invocations
  1775 | D:2      | Reached skill level 1 in Armour
  2034 | D:2      | Reached XP level 4. HP: 30/48 MP: 4/4
  2953 | D:3      | Reached skill level 1 in Evocations
  3536 | D:3      | Found a glowing silver altar of Zin.
  3540 | D:3      | Found a basalt altar of Yredelemnul.
  3540 | D:3      | Found a glowing golden altar of the Shining One.
  3543 | D:3      | Found a sparkling altar of Nemelex Xobeh.
  3548 | D:3      | Reached XP level 5. HP: 54/54 MP: 6/6
  3553 | D:3      | Noticed Ijyb
  3578 | D:3      | Killed Ijyb
  3845 | D:4      | Noticed a phantom
  4203 | D:3      | HP: 1/81 [orc/+0 war axe (7)]
  4203 | D:3      | Slain by an adder

Illustrated notes

Levels and vault maps discovered:
D:1:      shiori_arrival_maze, layout_basic
D:2:      layout_rooms
D:3:      layout_rooms, grunt_temple_overflow_open, uniq_ijyb
D:4:      layout_cave_pools, minmay_temple_entry_drinking_statues,
          gup_sewer_entry_bowl, serial_shops, nicolae_shop_waterfront,
          grunt_ministairs_1, dk_rats_in_the_wall

Skill      XL: |  1  2  3  4  5 |
---------------+----------------+-----
Maces & Flails | 3 |  3.9
Throwing       | 1 2 |  2.1
Invocations    | 1 |  1.7
Armour         | 1 |  1.3
Evocations     | 1 |  1.3
Fighting       | |  4.0
Dodging        | |  2.6
Stealth        | |  1.4

Action                   |  1- 3 |  4- 6 || total
-------------------------+-------+-------++-------
Melee: Mace              |   131 |    77 ||   208
       Short sword       |       |    46 ||    46
Throw: Stone             |    38 |    18 ||    56
  Use: Scroll            |     5 |     4 ||     9
       Potion            |       |     5 ||     5
 Stab: Sleeping          |     3 |     5 ||     8
       Distracted        |       |     1 ||     1
Armor: Robe              |    51 |    31 ||    82
Dodge: Dodged            |    94 |    61 ||   155
